Map: King's Cove LE

Players

Rex

  • Race: Zerg Zerg
  • Spawn Location: 11:00

HellraiseR - Winner!

  • Race: Protoss Protoss
  • Spawn Location: 5:00

Event: 2019 WCS Spring

VOD

Have the link to the VOD?

Description

Time

  • Played on: May 17, 2019, 3:32 p.m.
  • Length: 8:13

All games in this series

Show
View Real Time Build Order
Export as new Build Order

Rex Zerg 

Build Orders: Hatch First, Zergling Baneling 

Get SALT Encoding   

  12  0:01  Drone  
  13  0:12  Overlord  
  13  0:18  Drone  
  14  0:31  Drone x2  
  16  0:56  Hatchery  
  15  0:57  Drone x2  
  15  1:01  Drone  
  18  1:11  Extractor  
  17  1:19  Spawning Pool  
  17  1:21  Drone  
  17  1:24  Drone  
  18  1:30  Drone  
  19  2:08  Zergling x2  
  19  2:09  Queen, Zergling x6  
  19  2:13  Spine Crawler  
  19  2:14  Spine Crawler  
  25  2:30  Metabolic Boost  
  25  2:33  Zergling x4  
  25  2:36  Spine Crawler x2  
  25  2:43  Spine Crawler  
  24  2:47  Zergling x2  
  24  2:50  Zergling x2  
  26  3:00  Overlord  
  26  3:11  Baneling Nest  
  25  3:19  Zergling x6  
  28  3:24  Zergling x2  
  29  3:37  Zergling x2  
  30  3:56  Baneling x2  
  30  3:57  Baneling x5  
  30  4:08  Overlord  
  28  4:23  Zergling x2  
  23  4:25  Zergling x4  
  20  4:31  Queen  
  20  4:33  Baneling  
  20  4:34  Zergling x2  
  23  4:45  Zergling x2  
  24  4:53  Hatchery  
  24  4:57  Zergling x2  
  24  5:11  Drone  
  25  5:20  Drone  
  26  5:26  Lair  
  27  5:28  Drone  
  27  5:45  Drone  
  27  5:48  Drone x2  
  30  5:51  Drone  
  30  5:55  Extractor  
  30  5:58  Drone  
  30  6:06  Drone  
  30  6:10  Drone  
  32  6:24  Drone x3  
  35  6:26  Drone  
  35  6:27  Drone  
  37  6:33  Drone  
  37  6:34  Spire  
  37  6:36  Drone  
  37  6:37  Drone  
  39  6:47  Zergling x2  
  39  6:52  Zergling x2, Spine Crawler x2  
  39  6:57  Zergling x4  
  41  7:03  Spine Crawler  
  41  7:06  Zergling x2  
  41  7:07  Baneling x2  
  41  7:10  Zergling x2  
  41  7:13  Zergling x2  
  41  7:15  Zergling x2  
  44  7:20  Overlord  
Show
View Real Time Build Order
Export as new Build Order

HellraiseR Protoss - Winner!

Build Orders:  

Get SALT Encoding   

  12  0:00  Probe  
  13  0:12  Probe  
  14  0:18  Pylon  
  14  0:24  Probe  
  15  0:32  Probe  
  15  0:38  Gateway  
  15  0:40  Probe  
  16  0:48  Assimilator  
  17  0:51  Probe  
  18  1:03  Probe  
  19  1:15  Probe  
  20  1:21  Zealot  
  20  1:29  Cybernetics Core  
  22  1:34  Pylon  
  22  1:38  Forge  
  22  1:41  Probe  
  23  1:50  Zealot  
  25  2:09  Stalker, Shield Battery  
  25  2:10  Photon Cannon  
  25  2:12  Photon Cannon  
  27  2:27  Probe  
  28  2:39  Stalker  
  28  2:43  Probe  
  31  2:46  Warp Gate  
  31  2:53  Shield Battery  
  31  2:55  Shield Battery  
  31  3:00  Pylon  
  31  3:08  Robotics Facility  
  31  3:25  Pylon  
  31  3:28  Gateway  
  31  3:37  Gateway  
  31  3:44  Immortal  
  34  4:07  Probe  
  34  4:08  Assimilator  
  35  4:15  Immortal  
  38  4:32  Probe  
  38  4:33  Pylon  
  39  4:41  Pylon  
  39  4:51  Probe  
  39  4:52  Warp Prism  
  42  5:00  Sentry  
  42  5:01  Sentry  
  46  5:21  Observer, Nexus  
  46  5:32  Pylon  
  46  5:35  Probe  
  48  5:47  Probe  
  49  5:56  Sentry x2  
  53  6:05  Stalker  
  55  6:13  Probe  
  56  6:24  Stalker x2  
  60  6:30  Probe  
  61  6:34  Probe  
  62  6:40  Adept  
  62  6:42  Probe  
  62  6:46  Probe  
  66  6:52  Probe  
  66  6:55  Probe  
  66  7:00  Probe  
  68  7:03  Probe  
  68  7:04  Pylon  
  70  7:08  Probe, Pylon  
  70  7:09  Sentry x2  
  70  7:10  Stalker  
  70  7:12  Probe  
  78  7:22  Probe  
  79  7:24  Probe  
  79  7:34  Probe  
Tags
 
Add a new tag
Caveats
  • Supply blocks, unpowered buildings, or Contaminate may cause inaccurate times.
  • Supply counts are checked every 10 seconds.